 Dungeon Crawl Stone Soup version 0.30-a0-802-gb92711bcdf (webtiles) character file.

Game seed: 989006370047874528

178 bande the Covered (level 5, -2/33 HPs)
             Began as a Gargoyle Fighter on Feb 25, 2023.
             Slain by Crazy Yiuf
             ... wielding a +2 quarterstaff of chaos
              (8 damage)
             ... on level 2 of the Dungeon.
             The game lasted 00:04:35 (1779 turns).

bande the Covered (Gargoyle Fighter)                Turns: 1779, Time: 00:04:36

Health: -2/33      AC: 13    Str: 20    XL:     5   Next: 58%
Magic:  2/5        EV:  9    Int:  8    God:
Gold:   3          SH:  4    Dex: 11    Spells: 4/4 levels left

rFire   . . .      SeeInvis .    a - +0 war axe
rCold   . . .      Faith    .    c - +0 buckler
rNeg    + . .      Spirit   .    b - +0 scale mail
rPois   ∞          Reflect  .    (no helmet)
rElec   +          Harm     .    p - +0 cloak
rCorr   .          Rampage  .    g - +0 pair of gloves
Will    .....                    (no boots) Stlth
                                 (no amulet)
HPRegen 0.25/turn                (no ring)
MPRegen 0.09/turn                (no ring)

@: no status effects
A: sickness immunity, AC +4, negative energy resistance 1, electricity
resistance, torment resistance 1, petrification resistance
a: no special abilities


You were on level 2 of the Dungeon.
You visited 1 branch of the dungeon, and saw 3 of its levels.

You collected 106 gold pieces.
You spent 103 gold pieces at shops.

Inventory:

Hand Weapons
 a - a +0 war axe (weapon)
Armour
 b - a +0 scale mail (worn)
 c - a +0 buckler (worn)
 g - a +0 pair of gloves (worn)
 k - an orb of light
 p - a +0 cloak (worn)
Jewellery
 h - a ring of wizardry
 i - an amulet of magic regeneration
 n - a +6 ring of intelligence
Scrolls
 m - a scroll of teleportation {unknown}
Potions
 d - a potion of might
 e - 2 potions of curing
 f - 2 potions of haste
 j - a potion of brilliance
 l - a potion of magic
 o - a potion of resistance {unknown}


   Skills:
 + Level 4.1 Fighting
 + Level 3.6 Axes
 + Level 4.2 Armour
 - Level 0.2 Dodging
 + Level 3.9 Shields


You had 4 spell levels left.
You didn't know any spells.
Your spell library was empty.

Dungeon Overview and Level Annotations

Branches:
Dungeon (3/15)

Altars:

Shops:
D:1 [=   D:2 [

Annotations:
D:2 Crazy Yiuf


Innate Abilities, Weirdness & Mutations

You are immune to sickness and miasma.
Your stone body is resilient. (AC +4)
You are immune to poison.
You resist negative energy. (rN+)
You are resistant to electric shocks. (rElec)
You are resistant to unholy torment.
You are immune to petrification.


Message History

The hobgoblin closely misses you.
You barely miss the hobgoblin.
The hobgoblin is heavily wounded.
The hobgoblin hits you but does no damage.
The hobgoblin barely misses you.
You slash the hobgoblin!
You kill the hobgoblin!
No target in view!
No target in view!
No target in view!
No target in view!
No target in view!
o - a fuming white potion
There is an entrance to Tuerexuc's Antique Armour Shop here.
p - a +0 cloak Thank you for shopping at Tuerexuc's Antique Armour Shop!
Unknown command.
There are no items here.
You start putting on your armour.
You continue putting on your +0 cloak. x4
You finish putting on your +0 cloak.
You open the door.
There is an open door here.
You see here a +0 short sword.
Found a stone staircase leading down.
There is a stone staircase leading down here.
There is an open door here.
No reachable target in view!
You open the door. You closely miss Crazy Yiuf.
Crazy Yiuf drinks a potion.
Crazy Yiuf flickers and vanishes!
Deactivating autopickup; reactivate with Ctrl-A.
You hit something but do no damage. Something hits you. x2
Something freezes you.
You miss something. Something hits you!
You feel your power leaking away.
You closely miss something. Something hits you.
You barely miss something. Something hits you. Something hits you!
* * * LOW HITPOINT WARNING * * *
You hit something but do no damage. Something hits you!
You die...

.....####
###..##
.....#
#....#
.....#
♣....♣
###..#
♣...♣♣ #
#.##
♣♣.♣♣
###.#
♣.♣♣
##..#
♣♣.♣
#..##
♣.♣♣ ..##
♣♣@♣ #.#
#{# #.#
... #.#
#...# #.#
#..)# #.#
#####
#.###
#...#
÷.#.#


There were no monsters in sight!

Vanquished Creatures
  A kobold brigand (D:3)
  4 adders (D:2)
  A worm (D:2)
  3 orcs (D:3)
  4 bats
  6 endoplasms
  3 giant cockroaches
  5 goblins
  10 hobgoblins
  2 jackals (D:3)
  A quokka (D:2)
  4 ball pythons
  3 frilled lizards
  16 kobolds
  3 rats
66 creatures vanquished.

Notes
Turn   | Place    | Note
-------+----------+-------------------------------------------
     0 | D:1      | bande the Gargoyle Fighter began the quest for the Orb.
     0 | D:1      | Reached XP level 1. HP: 14/14 MP: 1/1
   116 | D:1      | Reached XP level 2. HP: 19/19 MP: 2/2
   480 | D:1      | Found Keyx's Antique Armour Emporium.
   573 | D:1      | Found Egirogg's Jewellery Emporium.
   744 | D:2      | Reached XP level 3. HP: 22/23 MP: 3/3
   784 | D:2      | You fall into a shaft and drop 1 floor!
   943 | D:3      | Reached XP level 4. HP: 29/29 MP: 4/4
  1015 | D:3      | Noticed a kobold brigand
  1028 | D:3      | Killed a kobold brigand
  1029 | D:3      | Reached XP level 5. HP: 29/33 MP: 5/5
  1229 | D:2      | Found a runed translucent door.
  1230 | D:2      | Noticed Crazy Yiuf
  1402 | D:2      | Found a faded altar of an unknown god.
  1620 | D:2      | Found Tuerexuc's Antique Armour Shop.
  1656 | D:2      | Bought a cloak for 103 gold pieces
  1779 | D:2      | Slain by Crazy Yiuf

Illustrated notes

Levels and vault maps discovered:
D:1:      dpeg_arrival_stonehenge_8_columns, layout_loops_ring, serial_shops,
          shop, nicolae_diamond_shop, due_unseen_surprise
D:2:      layout_basic, ebering_ecumenical_altar_sacrificial, serial_shops,
          nicolae_shop_crystal, grunt_ministairs_12, uniq_crazy_yiuf_cottage
D:3:      cheibrodos_thug_alley, layout_basic, grunt_temple_overflow_open,
          gammafunk_ghost_arena

Skill      XL: |  1  2  3  4 |
---------------+-------------+-----
Axes           | 2 3 |  3.6
Armour         | 4 |  4.2
Fighting       | 4 |  4.1
Dodging        | |  0.2
Shields        | |  3.9

Action                     |  1- 3 |  4- 6 || total
---------------------------+-------+-------++-------
  Melee: War axe           |    96 |    76 ||   172
    Use: Scroll            |     3 |     5 ||     8
 Armour: Scale mail        |    73 |    40 ||   113
  Dodge: Dodged            |    45 |    43 ||    88
  Block: Buckler           |    27 |    10 ||    37

Table legend: (Time is in decaauts)
 A = Elapsed time spent in this place.
 B = Non-inter-level travel time spent in this place.
 C = Inter-level travel time spent in this place.
 D = Time resting spent in this place.
 E = Time spent auto-exploring this place.
 F = Levels seen in this place.
 G = Mean time per level.
                   A        B        C        D        E       F      G
               +--------+--------+--------+--------+--------+-----+--------+
         Total |   1848 |   1848 |      0 |      0 |   1353 |   3 |  616.0 |
       Dungeon |   1848 |   1848 |      0 |      0 |   1353 |   3 |  616.0 |
               +--------+--------+--------+--------+--------+-----+--------+

Top non-repeatable levels by time:
     D:1: 761 daAuts
     D:2: 717 daAuts
     D:3: 369 daAuts
